 Dungeon Crawl Stone Soup version 0.26-a0-58-g79b31b8 (webtiles) character file.

Game seed: 2137216715771863668

125977 supergeorge3333 the Peltast (level 16, -6/220 HPs)
             Began as a Hill Orc Fighter on June 7, 2020.
             Was a High Priest of Okawaru.
             Killed from afar by a nagaraja (24 damage)
             ... with a poison arrow
             ... on level 4 of the Snake Pit on June 8, 2020.
             The game lasted 05:21:35 (42797 turns).

supergeorge3333 the Peltast (Hill Orc Fighter)     Turns: 42797, Time: 05:21:35

Health: -6/220     AC: 28    Str: 32    XL:     16   Next: 97%
Magic:  13/18      EV:  2    Int: 14    God:    Okawaru [*****.]
Gold:   583        SH:  0    Dex: 13    Spells: 15/15 levels left

rFire    . . .     SeeInvis .   x - +7 dire flail of Sulphur {vorpal, rN++ Int+2}
rCold    . . .     Gourm    .   (shield currently unavailable)
rNeg     + + +     Faith    .   (armour currently unavailable)
rPois    +         Spirit   .   (helmet currently unavailable)
rElec    +         Reflect  .   (cloak currently unavailable)
rCorr    .         Harm     .   (gloves currently unavailable)
MR       ++...     NoTele   +   (boots currently unavailable)
Stlth    +++++.....             F - amulet of regeneration
HPRegen  0.86/turn              A - ring "Exavufank" {+Fly rElec MR+ Str+2 Dex+3}
MPRegen  0.16/turn              d - ring "Witar" {EV+4 Str+4 Int+4 Stlth+}

@: lethally poisoned (-6 -> -7), tree-form, heroism, finesse
A: repulsion field 1, deterioration 1
a: Heroism, Finesse, Renounce Religion


You were on level 4 of the Snake Pit.
You worshipped Okawaru.
Okawaru was extremely pleased with you.
You were hungry.
You were a tree.
You visited 5 branches of the dungeon, and saw 28 of its levels.
You also visited: Sewer.

You collected 2528 gold pieces.
You spent 1945 gold pieces at shops.

Inventory:

Hand Weapons
 b - a +2 vampiric spear
 g - a +2 trident of venom
 s - a +2 scimitar of holy wrath
 x - the +7 dire flail of Sulphur (weapon) {vorpal, rN++ Int+2}
   (Okawaru gifted it to you on level 14 of the Dungeon)

   It inflicts extra damage upon your enemies.
   It affects your intelligence (+2).
   It greatly protects you from negative energy.
 L - a +3 mace of freezing
 P - the +6 short sword "Nunit" {vorpal, Dex+9}
   (You found it on level 3 of the Lair of Beasts)

   It inflicts extra damage upon your enemies.
   It affects your dexterity (+9).
 S - the +4 flail of the Silent Majority {protect, rPois rF- rN++ MR+}
   (You found it on level 10 of the Dungeon)

   It grants its wielder temporary protection when it strikes (+7 to AC).
   It makes you vulnerable to fire.
   It protects you from poison.
   It greatly protects you from negative energy.
   It affects your resistance to hostile enchantments.
 V - a +4 broad axe of flaming
Armour
 e - a +1 pair of boots of flying (melded)
 k - a scarf of invisibility (melded)
 q - a +4 plate armour of poison resistance (melded)
 r - a +0 tower shield
 N - the +3 buckler of the Clam {*Slow Str+6 Dex+2}
   (You found it on level 9 of the Dungeon)

   It affects your strength (+6).
   It affects your dexterity (+2).
   It may slow you when you take damage.
 Y - the +2 pair of gloves "Toerol Camu" {-Cast Harm +Inv Stlth+}
   (Okawaru gifted it to you on level 1 of the Orcish Mines)

   It lets you turn invisible.
   It prevents spellcasting.
   It increases damage dealt and taken.
   It makes you more stealthy.
 Z - a +2 pair of gloves of strength (melded)
Jewellery
 a - the ring "Fiyby" {MR+ Int-4 Dex+3 Stlth-}
   (You found it on level 6 of the Lair of Beasts)

   [ring of attention]

   It affects your intelligence (-4).
   It affects your dexterity (+3).
   It affects your resistance to hostile enchantments.
   It makes you less stealthy.
 d - the ring "Witar" (right branch) {EV+4 Str+4 Int+4 Stlth+}
   (You acquired it on level 8 of the Dungeon)

   [ring of evasion]

   It affects your evasion (+4).
   It affects your strength (+4).
   It affects your intelligence (+4).
   It makes you more stealthy.
 n - an uncursed amulet of guardian spirit
 w - an uncursed ring of protection from magic
 A - the ring "Exavufank" (left branch) {+Fly rElec MR+ Str+2 Dex+3}
   (You bought it in a shop on level 2 of the Orcish Mines)

   [ring of flight]

   It affects your strength (+2).
   It affects your dexterity (+3).
   It insulates you from electricity.
   It affects your resistance to hostile enchantments.
   It lets you fly.
 D - a +4 ring of protection
 F - an amulet of regeneration (around neck)
 K - an uncursed amulet of faith
Wands
 l - a wand of iceblast (9)
 p - a wand of flame (27)
 t - a wand of acid (8)
 z - a wand of clouds (8)
 J - a wand of random effects (11)
 M - a wand of digging (6)
 Q - a wand of polymorph (12)
Scrolls
 h - 3 scrolls of remove curse
 i - a scroll of brand weapon
 y - 3 scrolls of magic mapping
 C - 3 scrolls of identify
 G - 2 scrolls of blinking
 O - a scroll of holy word
 R - 5 scrolls of fog
 T - 4 scrolls of fear
Potions
 j - 4 potions of stabbing
 u - 3 potions of brilliance
 v - a potion of might
 B - 4 potions of flight
 I - a potion of cancellation
 W - 5 potions of berserk rage
Comestibles
 f - 12 rations


   Skills:
 * Level 14.6(19.6) Fighting
 * Level 12.0(17.0) Long Blades
 + Level 7.4(18.5) Axes
 + Level 13.4(18.9) Maces & Flails
 * Level 7.1(13.2) Polearms
 + Level 6.0(11.0) Throwing
 + Level 11.9(16.9) Armour
 + Level 5.6(10.6) Dodging
 + Level 2.5(7.5) Stealth
 * Level 15.4(20.4) Shields
 + Level 2.9 Invocations
 + Level 1.0 Evocations


You had 15 spell levels left.
You didn't know any spells.
Your spell library contained the following spells:

 Spells                   Type           Power        Failure   Level  Hunger
 Infusion                 Chrm           #...         28%         1    ##.....
 Sting                    Tmut/Pois      #...         28%         1    ##.....
 Summon Small Mammal      Summ           #...         28%         1    ##.....
 Call Imp                 Summ           #.......     41%         2    ###....
 Poisonous Vapours        Pois/Air       #.....       41%         2    ###....
 Shroud of Golubria       Chrm/Tloc      #.....       41%         2    ###....
 Song of Slaying          Chrm           #.......     41%         2    ###....
 Call Canine Familiar     Summ           #.......     65%         3    ####...
 Ignite Poison            Fire/Tmut/Pois #.......     65%         3    ####...
 Mephitic Cloud           Conj/Pois/Air  #.......     65%         3    ####...
 Ozocubu's Armour         Chrm/Ice       #.......     65%         3    ####...
 Recall                   Summ/Tloc      N/A          65%         3    ####...
 Spectral Weapon          Hex/Chrm       #.......     65%         3    ####...
 Summon Guardian Golem    Hex/Summ       #.......     65%         3    ####...
 Olgreb's Toxic Radiance  Pois           #.......     96%         4    #####..
 Summon Ice Beast         Ice/Summ       #.......     96%         4    #####..
 Summon Lightning Spire   Summ/Air       #.......     96%         4    #####..
 Aura of Abjuration       Summ           #.........   100%        5    ######.
 Summon Demon             Summ           #.........   100%        5    ######.
 Summon Forest            Summ/Tloc      #.........   100%        5    ######.
 Summon Mana Viper        Hex/Summ       #.......     100%        5    ######.
 Shadow Creatures         Summ           N/A          100%        6    #######


Dungeon Overview and Level Annotations

Branches:
Dungeon (15/15)            Temple (1/1) D:4            Lair (6/6) D:8
 Shoals (0/4) Lair:4        Snake (4/4) Lair:4        Slime (0/5) Lair:6
    Orc (2/2) D:11            Elf (0/3) Orc:2        Vaults (0/5) D:13
  Sewer (visited)
 Depths: D:15

Altars:
Ashenzari
Cheibriados
Dithmenos
Elyvilon
Fedhas
Gozag
Hepliaklqana
Kikubaaqudgha
Makhleb
Nemelex Xobeh
Okawaru
Qazlal
Ru
Sif Muna
Trog
Uskayaw
Vehumet
Wu Jian
Xom
Yredelemnul
Zin
The Shining One
Beogh

Shops:
D:4 (   Orc:2 =*:

Annotations:
D:3 Grinder
D:11 Saint Roka


Innate Abilities, Weirdness & Mutations

You are surrounded by a mild repulsion field. (EV +2)
Your body sometimes deteriorates upon taking damage.


Message History

The naga warrior is heavily wounded.
The nagaraja gestures at you while chanting.
The lance of force hits you!!!
* * * LOW HITPOINT WARNING * * *
You cannot move.
Okay, then.
There are monsters nearby!
Evoke which item? (* to show all) (? for menu, Esc to quit)
Aiming: Iceblast
Press: ? - help, Shift-Dir - straight line, f/p - naga warrior
Aim: a naga warrior, wielding a +0 short sword (heavily wounded)
The mass of ice explodes!
The iceblast engulfs the nagaraja!
The nagaraja is almost dead.
The iceblast engulfs the naga warrior!
The naga warrior is heavily wounded.
The nagaraja points at you and mumbles some strange words.
The poison arrow hits you!!
You are poisoned.
You partially resist.
You die...

#.....N..N..###...####
#...#######..N..N.N...
#...# ###N#######.
#...# #)# ##)## #N# #
#####.# #N# # .....N##
#N# # .......#
#.####### ##
..=....### #♣.......
###. ####.....#
######### #####...
###...# ###.....##
#...# #...#...#. #.###
#...#..... #.#
#...#..... #.#
####.######. #.#
#....######. #.#
##.....)....


You could see 2 naga warriors, a nagaraja (fast, poisoned) and 2 naga magi.

Vanquished Creatures
  Kirke (D:14)
  3 nagarajas
  The ghost of Temp the Fighter, a journeyman NaMo of Fedhas (D:11)
  Erolcha (Orc:2)
  5 hydras
  2 centaur warriors
  8 naga warriors
  4 vault guards
  12 anacondas
  2 catoblepae (Lair:5)
  3 two-headed ogres
  2 death knights
  A tengu warrior (D:14)
  6 naga sharpshooters
  Urug (D:11)
  3 shock serpents
  Nergalle (Lair:2)
  9 skeletal warriors
  2 salamander mystics
  An unseen horror (D:10)
  2 naga ritualists (Snake:3)
  3 orc knights (Orc:1)
  2 manticores
  2 orc sorcerers (Orc:1)
  3 mana vipers
  A cyclops (D:11)
  2 deep elf magi
  9 salamanders
  7 ugly things
  2 centaur zombies (D:13)
  2 merfolk sirens (Lair:4)
  Maurice (D:11)
  3 guardian serpents (Snake:2)
  20 black mambas
  6 elephants
  6 naga magi
  A gargoyle (D:12)
  26 spiny frogs
  A yaktaur (D:12)
  Maggie (Lair:1)
  3 rime drakes (Lair:6)
  4 freezing wraiths
  11 komodo dragons
  2 merfolk (Lair:4)
  A polar bear (Lair:5)
  4 tyrant leeches
  6 trolls
  5 dream sheep
  22 blink frogs
  12 slime creatures
  9 hippogriffs
  A meliai zombie (D:14)
  A water elemental (D:14)
  3 shadows
  5 wraiths
  42 yaks
  A hog (D:14)
  4 wyverns
  2 basilisks (D:14)
  6 vampire mosquitoes
  A hungry ghost (D:14)
  4 wargs (Orc:1)
  29 nagas
  14 water moccasins
  9 porcupines
  3 ice beasts
  38 orc warriors
  A hornet zombie (D:10)
  4 phantoms
  2 sky beasts
  12 ogres
  A necrophage (D:6)
  3 wolves (D:8)
  18 centaurs
  6 crocodiles
  23 bullfrogs
  4 big kobolds
  A scorpion (D:4)
  12 wights
  10 killer bees
  6 electric eels
  5 howler monkeys
  10 crimson imps
  2 quasits
  4 hounds
  23 orc wizards
  18 orc priests
  A gnoll shaman (Orc:1)
  6 jellies
  6 centaur skeletons
  Jessica (D:2)
  An iguana (D:4)
  6 worker ants
  3 hound zombies
  A hound skeleton (D:4)
  A worker ant zombie (D:9)
  14 gnolls
  13 adders
  3 river rats
  4 shadow imps
  2 oozes
  3 adder skeletons
  2 worms
  A dart slug (D:1)
  2 leopard geckos
  89 orcs
  4 ball pythons
  6 bats
  3 giant cockroaches
  10 goblins
  3 hobgoblins (D:1)
  4 jackals
  18 kobolds
  3 quokkas
  7 frilled lizards
  A jackal skeleton (D:5)
  A leopard gecko zombie (D:9)
  A quokka skeleton (D:4)
  2 quokka zombies (D:8)
  12 rats
809 creatures vanquished.

Vanquished Creatures (collateral kills)
  A nagaraja (Snake:4)
1 creature vanquished.

Vanquished Creatures (others)
  An unseen horror (D:13)
  2 humans (D:14)
  An orc priest (D:11)
  12 fungi
  27 plants
43 creatures vanquished.

Grand Total: 853 creatures vanquished

Notes
Turn   | Place    | Note
-------+----------+-------------------------------------------
     0 | D:1      | supergeorge3333 the Hill Orc Fighter began the quest for
                  | the Orb.
     0 | D:1      | Reached XP level 1. HP: 19/19 MP: 1/1
    96 | D:1      | Reached XP level 2. HP: 27/27 MP: 2/2
   345 | D:1      | Reached XP level 3. HP: 32/33 MP: 3/3
  1099 | D:2      | Reached XP level 4. HP: 15/40 MP: 4/4
  2031 | D:2      | Noticed Jessica
  2038 | D:2      | Killed Jessica
  2038 | D:2      | Reached skill level 4 in Shields
  2038 | D:2      | Reached XP level 5. HP: 43/46 MP: 5/5
  2094 | D:2      | Found a stormy altar of Qazlal.
  2217 | D:3      | Noticed an ice beast
  2227 | D:3      | Killed an ice beast
  2227 | D:3      | Reached skill level 5 in Axes
  2227 | D:3      | Reached skill level 1 in Dodging
  2227 | D:3      | Reached XP level 6. HP: 51/53 MP: 6/6
  2706 | D:3      | Noticed Grinder
  2793 | D:4      | Noticed a phantom
  2842 | D:4      | Killed a phantom
  3176 | D:4      | Found a staircase to the Ecumenical Temple.
  3192 | Temple   | Entered the Ecumenical Temple
  3205 | Temple   | Became a worshipper of Warmaster Okawaru
  3502 | D:4      | Reached XP level 7. HP: 52/60 MP: 7/7
  3602 | D:4      | Reached skill level 5 in Fighting
  3951 | D:4      | Found Giere's Antique Weapon Shoppe.
  3967 | D:4      | Bought a glowing scimitar for 126 gold pieces
  4236 | D:5      | Entered Level 5 of the Dungeon
  4279 | D:5      | Found a radiant altar of Vehumet.
  4759 | D:5      | Reached skill level 1 in Long Blades
  4759 | D:5      | Reached skill level 5 in Armour
  4759 | D:5      | Reached skill level 5 in Shields
  5052 | D:5      | Reached * piety under Okawaru
  5052 | D:5      | Reached XP level 8. HP: 67/69 MP: 8/8
  5977 | D:6      | Found a glowing drain.
  6173 | Sewer    | Entered a sewer
  6349 | Sewer    | Found a glowing silver altar of Zin.
  7018 | D:6      | Reached skill level 1 in Throwing
  7029 | D:6      | Reached ** piety under Okawaru
  7396 | D:7      | Reached skill level 5 in Long Blades
  7396 | D:7      | Reached XP level 9. HP: 67/77 MP: 6/9
  7553 | D:7      | Reached skill level 6 in Shields
  8174 | D:8      | Found a staircase to the Lair.
  8175 | D:8      | Noticed a komodo dragon
  8211 | D:8      | Killed a komodo dragon
  8554 | D:8      | Identified a scroll of acquirement
  8555 | D:8      | Got the ring "Witar" {EV+4 Str+4 Int+4 Stlth+}
  8656 | Lair:1   | Entered Level 1 of the Lair of Beasts
  8758 | D:8      | Reached *** piety under Okawaru
  8931 | Lair:1   | Noticed a spiny frog
  8944 | Lair:1   | Killed a spiny frog
  8944 | Lair:1   | Reached skill level 7 in Shields
  8944 | Lair:1   | Reached XP level 10. HP: 48/86 MP: 10/10
  9089 | Lair:1   | Noticed a spiny frog
  9103 | Lair:1   | Killed a spiny frog
  9382 | D:8      | Reached **** piety under Okawaru
  9526 | Lair:1   | Noticed a six-headed hydra
  9606 | Lair:1   | Noticed Maggie
  9629 | Lair:1   | Killed Maggie
  9629 | Lair:1   | Reached skill level 1 in Stealth
 10874 | Lair:2   | Noticed Nergalle
 10876 | Lair:2   | Noticed a spiny frog
 11007 | D:9      | Reached skill level 1 in Invocations
 11159 | D:9      | Reached skill level 8 in Shields
 11441 | D:9      | Got a scorched buckler
 11510 | D:9      | Reached ***** piety under Okawaru
 11522 | D:9      | Identified the +3 buckler of the Clam {*Slow Str+6 Dex+2}
                  | (You found it on level 9 of the Dungeon)
 11603 | D:9      | Reached XP level 11. HP: 55/95 MP: 11/11
 11959 | D:9      | Paralysed by a hornet for 2 turns
 12542 | D:10     | Entered Level 10 of the Dungeon
 12730 | D:10     | Killed an unseen horror
 13311 | D:10     | Got a masterwork flail
 13312 | D:10     | Identified the +4 flail of the Silent Majority {protect,
                  | rPois rF- rN++ MR+} (You found it on level 10 of the
                  | Dungeon)
 13358 | D:10     | Received a gift from Okawaru
 13795 | D:11     | Noticed a brown ugly thing
 13932 | Lair:2   | Noticed a spectral orc warlord
 13947 | Lair:2   | Killed Nergalle
 13947 | Lair:2   | Reached skill level 1 in Maces & Flails
 13982 | Lair:2   | Received a gift from Okawaru
 14718 | Lair:3   | Reached skill level 9 in Shields
 14986 | Lair:3   | Got a transparent short sword
 14987 | Lair:3   | Identified the +6 short sword "Nunit" {vorpal, Dex+9} (You
                  | found it on level 3 of the Lair of Beasts)
 15001 | Lair:3   | Noticed a four-headed hydra
 15012 | Lair:3   | Killed a four-headed hydra
 15512 | Lair:2   | Reached skill level 5 in Dodging
 15720 | Lair:3   | Received a gift from Okawaru
 16924 | Lair:4   | Found a staircase to the Snake Pit.
 17048 | Lair:4   | Reached skill level 5 in Maces & Flails
 17283 | Lair:4   | Found a staircase to the Shoals.
 17310 | Lair:4   | Reached XP level 12. HP: 60/106 MP: 12/12
 17319 | Lair:4   | Reached skill level 10 in Fighting
 17328 | Lair:4   | Reached skill level 1 in Polearms
 18035 | Lair:5   | Found a dark tunnel.
 18488 | Lair:4   | Received a gift from Okawaru
 18663 | Lair:5   | Reached skill level 10 in Shields
 18917 | Lair:5   | Noticed a catoblepas
 18939 | Lair:5   | Killed a catoblepas
 19368 | Lair:5   | Noticed a four-headed hydra
 19382 | Lair:5   | Killed a four-headed hydra
 19821 | Lair:5   | Gained mutation: Your body sometimes deteriorates upon
                  | taking damage. [potion of mutation]
 19821 | Lair:5   | Gained mutation: You are surrounded by a mild repulsion
                  | field. (EV +2) [potion of mutation]
 20060 | Lair:6   | Entered Level 6 of the Lair of Beasts
 20122 | Lair:6   | Noticed a catoblepas
 20662 | Lair:5   | Killed a catoblepas
 20807 | Lair:5   | Reached XP level 13. HP: 107/115 MP: 13/13
 20860 | Lair:6   | Reached skill level 11 in Shields
 20898 | Lair:6   | Found a staircase to the Slime Pits.
 20913 | Lair:6   | Reached ****** piety under Okawaru
 20967 | Lair:6   | Received a gift from Okawaru
 22132 | Lair:6   | Received a gift from Okawaru
 23178 | Lair:6   | Received a gift from Okawaru
 23301 | Lair:6   | Reached skill level 5 in Throwing
 23750 | Lair:6   | Reached skill level 10 in Armour
 23814 | Lair:6   | Reached skill level 10 in Maces & Flails
 23931 | Lair:6   | Reached skill level 12 in Shields
 24622 | Lair:6   | Got a pitted pewter ring
 24642 | Lair:6   | Received a gift from Okawaru
 24750 | Lair:6   | Reached XP level 14. HP: 125/125 MP: 15/15
 25004 | Lair:6   | Identified the ring "Fiyby" {MR+ Int-4 Dex+3 Stlth-} (You
                  | found it on level 6 of the Lair of Beasts)
 25261 | D:10     | Upgraded the game from 0.26-a0-52-gd53d4cd to
                  | 0.26-a0-54-g15ccc7a
 25636 | D:11     | Noticed Maurice
 25691 | D:11     | Killed Maurice
 26127 | D:11     | Found a runed translucent gate.
 26127 | D:11     | Found a runed translucent gate.
 26127 | D:11     | Found a runed translucent gate.
 26127 | D:11     | Noticed Temp's ghost (journeyman NaMo)
 26283 | D:11     | Noticed Urug
 26297 | D:11     | Killed Urug
 26727 | D:11     | Found a staircase to the Orcish Mines.
 26947 | Orc:1    | Entered Level 1 of the Orcish Mines
 27673 | Orc:1    | Found a roughly hewn altar of Beogh.
 28033 | Orc:2    | Entered Level 2 of the Orcish Mines
 28033 | Orc:2    | Noticed Erolcha
 28051 | Orc:2    | Killed Erolcha
 28524 | Orc:1    | Reached skill level 13 in Shields
 29532 | Orc:1    | Received a gift from Okawaru
 29538 | Orc:1    | Got a pair of transparent gloves {god gift}
 29550 | Orc:1    | Identified the +2 pair of gloves "Toerol Camu" {-Cast Harm
                  | +Inv Stlth+} (Okawaru gifted it to you on level 1 of the
                  | Orcish Mines)
 29737 | Orc:2    | Noticed Saint Roka
 31592 | Orc:2    | Reached skill level 10 in Long Blades
 31595 | Orc:2    | Found a staircase to the Elven Halls.
 31657 | Orc:2    | Found Mete's Assorted Antiques.
 31657 | Orc:2    | Found Husopud's Food Emporium.
 31657 | Orc:2    | Found Ben Ull's Book Shoppe.
 31660 | Orc:2    | Found Noopt's Jewellery Shop.
 31677 | Orc:2    | Bought a scroll of identify for 46 gold pieces
 31680 | Orc:2    | Bought the ring "Exavufank" {+Fly rElec MR+ Str+2 Dex+3}
                  | for 856 gold pieces
 31686 | Orc:2    | Bought a scroll of enchant weapon for 172 gold pieces
 31686 | Orc:2    | Bought a scroll labeled ZOJUDA KIBOWN for 23 gold pieces
 33871 | D:12     | Upgraded the game from 0.26-a0-54-g15ccc7a to
                  | 0.26-a0-58-g79b31b8
 33890 | D:12     | Reached XP level 15. HP: 79/134 MP: 13/16
 34073 | D:13     | Found a gate to the Vaults.
 34087 | D:13     | Reached skill level 14 in Shields
 34475 | D:13     | Received a gift from Okawaru
 34736 | D:14     | Noticed Kirke
 34939 | D:14     | Killed Kirke
 34980 | D:15     | Entered Level 15 of the Dungeon
 35638 | D:14     | Reached skill level 5 in Polearms
 35953 | D:14     | Received a gift from Okawaru
 35969 | D:14     | Got a bloodstained dire flail {god gift}
 35983 | D:14     | Identified the +7 dire flail of Sulphur {vorpal, rN++
                  | Int+2} (Okawaru gifted it to you on level 14 of the
                  | Dungeon)
 37220 | D:11     | Killed Temp's ghost
 37402 | Snake:1  | Entered Level 1 of the Snake Pit
 37657 | Snake:1  | Received a gift from Okawaru
 37820 | Snake:1  | Reached XP level 16. HP: 144/144 MP: 13/18
 38907 | Snake:2  | Reached skill level 15 in Shields
 39067 | Snake:2  | Noticed a nagaraja
 39074 | Snake:2  | Killed a nagaraja
 39876 | Snake:2  | Received a gift from Okawaru
 40517 | Orc:2    | Bought a ration for 50 gold pieces
 40517 | Orc:2    | Bought a ration for 50 gold pieces
 40517 | Orc:2    | Bought a ration for 50 gold pieces
 40517 | Orc:2    | Bought a ration for 50 gold pieces
 40517 | Orc:2    | Bought a ration for 50 gold pieces
 40517 | Orc:2    | Bought a ration for 50 gold pieces
 40517 | Orc:2    | Bought a ration for 50 gold pieces
 40517 | Orc:2    | Bought a ration for 50 gold pieces
 40517 | Orc:2    | Bought a ration for 50 gold pieces
 40517 | Orc:2    | Bought a ration for 50 gold pieces
 40517 | Orc:2    | Bought a ration for 50 gold pieces
 40519 | Orc:2    | Bought a pair of glowing boots for 172 gold pieces
 42340 | Snake:4  | Entered Level 4 of the Snake Pit
 42551 | Snake:4  | Noticed a nagaraja
 42561 | Snake:4  | Killed a nagaraja
 42561 | Snake:4  | Received a gift from Okawaru
 42617 | Snake:4  | Found a shimmering altar of Xom.
 42722 | Snake:4  | Noticed a nagaraja
 42722 | Snake:4  | Noticed a nagaraja
 42724 | Snake:4  | Noticed a nagaraja
 42769 | Snake:4  | Noticed a nagaraja
 42782 | Snake:4  | Killed a nagaraja
 42782 | Snake:4  | HP: 7/147 [nagaraja/lance of force (14)]
 42785 | Snake:4  | HP: 2/147 [nagaraja/bolt of poison (11)]
 42790 | Snake:4  | Killed a nagaraja
 42790 | Snake:4  | Reached skill level 1 in Evocations
 42797 | Snake:4  | Killed from afar by a nagaraja

Illustrated notes

Levels and vault maps discovered:
D:1:      wander_arrival_chamber, layout_basic, chequers_serial_rivers_room_b,
          minmay_misc_feat_five, minmay_tetromino_t2
D:2:      layout_basic, grunt_qazlal_sundering, minmay_misc_feat_alley,
          uniq_jessica
D:3:      layout_loops_ring, uniq_grinder
D:4:      layout_loops_ring, minmay_temple_entry_proselytizer, first_ration,
          serial_shops, shop, lightli_corner_chamber
D:5:      layout_layer_cave, vehumet_altar_wand_db
D:6:      layout_basic, portal_sewer_entry_b
D:7:      layout_rooms
D:8:      layout_basic, david_lair_shrubbed
D:9:      layout_irregular_city, hangedman_pestilent_swarm, minmay_starry_boxes
D:10:     layout_basic, minivault_19
D:11:     layout_roguey, david_orc_4, ebering_ghost_rock_garden,
          hangedman_decor_riveting, uniq_urug, uniq_maurice
D:12:     layout_cave_pools
D:13:     layout_cross, lightli_vaults_fourway_checkpoint
D:14:     layout_basic, uniq_kirke
D:15:     grunt_enter_depths_hoard, layout_cave_pods, serial_shops, shop_statue,
          chequers_big_river
Temple:   nicolae_temple_the_god_donut
Lair:1:   wad_woods_structure_01, layout_big_grid, uniq_maggie
Lair:2:   layout_chaotic_city, uniq_nergalle
Lair:3:   layout_regular_city
Lair:4:   layout_regular_city, elwin_shoals_entry_stream,
          guppyfry_snake_entry_island, infiniplex_staircase_pool
Lair:5:   layout_gridlike, nicolae_volcano_entry_lava_flow, beast_lair_carwin_7
Lair:6:   minmay_lair_end_frog_pond, layout_gridlike,
          minmay_slime_entry_pillars, wad_woods_road_03
Snake:1:  minmay_snake_river, layout_misc_corridors, grunt_ministairs_15,
          serial_bayou_ford_a, nicolae_large_snake_swirl
Snake:2:  layout_basic, nicolae_snake_squiggles, fake_guardian_serpent_vault,
          serial_bayou_shore_b
Snake:3:  layout_basic, serial_bayou_shore_b
Snake:4:  snake_pit, layout_misc_corridors, basic_altar
Orc:1:    layout_caves, mines1_david
Orc:2:    st_orc_rangers, layout_caves, uniq_erolcha, uniq_saint_roka

Skill      XL: |  1  2  3  4  5  6  7  8  9 10 11 12 13 14 15 16 |
---------------+-------------------------------------------------+-----
Fighting       | 4 5 6 7 8 9 10 11 12 13 14 | 14.6
Axes           | 3 4 5 6 7 |  7.4
Armour         | 4 5 6 7 8 9 10 11 | 11.9
Shields        | 4 5 7 8 9 10 12 13 14 15 | 15.4
Dodging        | 1 2 3 4 5 |  5.6
Long Blades    | 1 5 7 8 9 10 11 12 | 12.0
Throwing       | 1 3 4 5 6 |  6.0
Stealth        | 1 2 |  2.5
Invocations    | 1 2 |  2.9
Maces & Flails | 5 8 10 11 12 13 | 13.4
Polearms       | 1 3 5 7 |  7.1
Evocations     | 1 |  1.0

Action                   |  1- 3 |  4- 6 |  7- 9 | 10-12 | 13-15 | 16-18 || total
-------------------------+-------+-------+-------+-------+-------+-------++-------
Melee: War axe           |    92 |   155 |    57 |       |       |       ||   304
       Scimitar          |       |       |   271 |    40 |   192 |       ||   503
       Falchion          |       |       |   125 |   217 |       |       ||   342
       Flail             |       |       |       |   535 |  1839 |       ||  2374
       Trident           |       |       |       |    22 |     9 |       ||    31
       Short sword       |       |       |       |     4 |       |       ||     4
       Dire flail        |       |       |       |       |   134 |   473 ||   607
Throw: Javelin           |       |       |    15 |     6 |   123 |       ||   144
       Boomerang         |       |       |    13 |   104 |    85 |       ||   202
       Dart              |       |       |       |       |    41 |       ||    41
Invok: Heroism           |       |       |       |     6 |    16 |     4 ||    26
       Finesse           |       |       |       |       |     8 |     2 ||    10
Evoke: Wand              |       |       |       |     7 |     5 |    12 ||    24
       Box of beasts     |       |       |       |       |       |     1 ||     1
       Phantom mirror    |       |       |       |       |       |     1 ||     1
  Use: Scroll            |     2 |     1 |    13 |    12 |    17 |     6 ||    51
       Potion            |     1 |     3 |     7 |     8 |     7 |    10 ||    36
 Stab: Sleeping          |       |       |       |     2 |       |       ||     2
       Petrified         |       |       |       |     4 |       |       ||     4
       Invisible         |       |       |       |       |     6 |       ||     6
  Eat: Ration            |       |     2 |     3 |     8 |    12 |     3 ||    28
       Chunk             |       |     3 |     7 |    11 |    19 |     3 ||    43
Armor: Scale mail        |    31 |       |       |       |       |       ||    31
       Ring mail         |     7 |    63 |   160 |   168 |       |       ||   398
       Skin              |       |     3 |    24 |       |       |     2 ||    29
       Plate armour      |       |       |       |   159 |   802 |   163 ||  1124
Dodge: Dodged            |    34 |    34 |   134 |   499 |  1093 |   255 ||  2049
Block: Kite shield       |    51 |    68 |   202 |   535 |  1248 |       ||  2104
       Tower shield      |       |       |       |       |   376 |       ||   376
       Rpst.: Scimitar   |       |       |    20 |     2 |    14 |       ||    36
       Falchion          |       |       |    15 |    32 |       |       ||    47

Table legend:
 A = Non-vault XP
 B = Vault XP
 C = Vault XP percentage of total XP
 D = Non-vault monster count
 E = Vault monster count
 F = Vault count percentage of total count
                 A         B        C        D         E       F
            +---------+---------+-------+---------+---------+-------
      Total |  128660 |   51308 |  28.5 |     600 |     210 |  25.9
            +---------+---------+-------+---------+---------+-------
        D:1 |      46 |       0 |   0.0 |      23 |       0 |   0.0
        D:2 |     104 |      37 |  26.2 |      17 |       1 |   5.6
        D:3 |     209 |       0 |   0.0 |      16 |       0 |   0.0
        D:4 |     513 |      41 |   7.4 |      20 |       1 |   4.8
        D:5 |     293 |       2 |   0.7 |      17 |       1 |   5.6
        D:6 |     904 |      36 |   3.8 |      25 |       7 |  21.9
        D:7 |     220 |       0 |   0.0 |       5 |       0 |   0.0
        D:8 |    1826 |     372 |  16.9 |      14 |       1 |   6.7
        D:9 |    1846 |     394 |  17.6 |      24 |       4 |  14.3
       D:10 |    1937 |       0 |   0.0 |      14 |       0 |   0.0
       D:11 |    8482 |    3047 |  26.4 |      79 |      20 |  20.2
       D:12 |    6764 |    2126 |  23.9 |      41 |       3 |   6.8
       D:13 |    5278 |    4693 |  47.1 |      23 |       9 |  28.1
       D:14 |   18985 |    2326 |  10.9 |      39 |       2 |   4.9
       D:15 |    2148 |       0 |   0.0 |      10 |       0 |   0.0
     Lair:1 |     300 |    2085 |  87.4 |       2 |       7 |  77.8
     Lair:2 |    2453 |     792 |  24.4 |      11 |       1 |   8.3
     Lair:3 |    2700 |       0 |   0.0 |       8 |       0 |   0.0
     Lair:4 |    2260 |    2775 |  55.1 |      12 |       7 |  36.8
     Lair:5 |   10439 |    5854 |  35.9 |      30 |      20 |  40.0
     Lair:6 |    6824 |   10033 |  59.5 |      20 |      41 |  67.2
    Snake:1 |   10696 |    5835 |  35.3 |      20 |      17 |  45.9
    Snake:2 |   18321 |     478 |   2.5 |      30 |       1 |   3.2
    Snake:3 |   11183 |       0 |   0.0 |      25 |       0 |   0.0
    Snake:4 |    9958 |    2916 |  22.7 |      16 |       5 |  23.8
      Orc:1 |    3725 |    5800 |  60.9 |      54 |      44 |  44.9
      Orc:2 |     246 |    1547 |  86.3 |       5 |       7 |  58.3
      Sewer |       0 |     119 | 100.0 |       0 |      11 | 100.0
            +---------+---------+-------+---------+---------+-------
